 Dungeon Crawl Stone Soup version 0.27.1-3-gb3d3a73c9e (webtiles) character file.

Game seed: 15202859252968013259

159 omarspendo the Covered (level 5, -1/41 HPs)
             Began as a Human Fighter on Oct 17, 2021.
             Slain by a water moccasin (6 damage)
             ... on level 4 of the Dungeon on Oct 19, 2021.
             The game lasted 00:19:41 (3413 turns).

omarspendo the Covered (Human Fighter)              Turns: 3413, Time: 00:19:41

Health: -1/41      AC:  9    Str: 17    XL:     5   Next: 68%
Magic:  5/5        EV:  5    Int:  8    God:
Gold:   74         SH:  9    Dex: 13    Spells: 4/4 levels left

rFire    . . .     SeeInvis .   a - +0 flail
rCold    . . .     Faith    .   c - +0 kite shield
rNeg     . . .     Spirit   .   z - +0 chain mail
rPois    .         Reflect  .   (no helmet)
rElec    .         Harm     .   (no cloak)
rCorr    .         Rampage  .   (no gloves)
Will     .....                  (no boots)
Stlth    ..........             (no amulet)
HPRegen  0.13/turn              (no ring)
MPRegen  0.09/turn              (no ring)

@: no status effects
A: no striking features
a: no special abilities


You were on level 4 of the Dungeon.
You visited 1 branch of the dungeon, and saw 4 of its levels.

You collected 74 gold pieces.

Inventory:

Hand Weapons
 a - a +0 flail (weapon)
 f - a +0 club
 h - a +0 short sword
 i - a +0 whip
 j - a +0 dagger
 k - a +0 club
 l - a +0 dagger
 m - a +0 rapier
 n - a +0 spear
 p - a +0 club
 s - a +0 whip
 t - a +0 short sword
 u - a +0 club
 w - a +0 short sword
 B - a +0 flail
 C - a +0 spear
 D - a +0 dagger
Missiles
 g - 70 stones (quivered)
 o - 14 sling bullets
 r - 6 large rocks
Armour
 b - a +0 scale mail
 c - a +0 kite shield (worn)
 e - a +0 leather armour
 q - a +0 robe
 z - a +0 chain mail (worn)
Wands
 x - a wand of paralysis (9)
Scrolls
 y - a scroll of torment {unknown}
 A - a scroll of identify {unknown}
Potions
 d - a potion of might
 v - a potion of curing {unknown}


   Skills:
 + Level 3.5 Fighting
 + Level 3.5 Maces & Flails
 + Level 3.8 Armour
 + Level 0.4 Dodging
 + Level 3.8 Shields


You had 4 spell levels left.
You didn't know any spells.
Your spell library contained the following spells:

 Spells                   Type           Power      Damage    Failure   Level
 Shock                    Conj/Air       0%         1d3       100%        1
 Swiftness                Air            0%         N/A       100%        3
 Airstrike                Air            0%         N/A       100%        4


Dungeon Overview and Level Annotations

Branches:
Dungeon (4/15)
 Temple: D:4-7

Altars:


Message History

You hit the water moccasin but do no damage.
The water moccasin is lightly wounded.
You feel sick.
You are no longer poisoned.
You block the water moccasin's attack. You block the goblin's attack.
The water moccasin bites you but does no damage.
The goblin barely misses you.
You closely miss the water moccasin.
The water moccasin is lightly wounded.
You block the water moccasin's attack. x2; The goblin barely misses you.
An orc comes into view. It is wielding a +0 flail.
You closely miss the water moccasin.
The water moccasin is lightly wounded.
The orc shouts!
The water moccasin bites you but does no damage.
The goblin hits you but does no damage.
The water moccasin bites you but does no damage.
The orc wizard gestures wildly while chanting.
The orc wizard flickers and vanishes!
Deactivating autopickup; reactivate with Ctrl-A.
You block the goblin's attack.
You miss the water moccasin.
The water moccasin is lightly wounded.
The water moccasin bites you.
The water moccasin bites you but does no damage.
The goblin hits you but does no damage.
You closely miss the water moccasin.
The water moccasin is lightly wounded.
The water moccasin bites you but does no damage.
You block the goblin's attack. The water moccasin bites you.
* * * LOW HITPOINT WARNING * * *
A dart slug comes into view.
You miss the water moccasin.
The water moccasin is lightly wounded.
The water moccasin barely misses you. The goblin hits you but does no damage.
The water moccasin bites you.
* * * LOW HITPOINT WARNING * * *
You block the goblin's attack. The water moccasin bites you.
You die...

#.ooo.o.....)##..
#######.###.#.#........
......†....)#..........
....#######.#.#.#......
.. #.#o#o# #...
#.#.#.#... . #
#.#.#S#.#.#
#.#.#.#.....#
#..@#o#.#.#.#.
###Sg.o....^...
......Joo#.....#.#
..............##
.......#.#.####
.#.###.#..... #.
#.#...### # ......#
#+##...


You could see a water moccasin, an orc wizard, 2 orcs, an endoplasm and a
goblin.

Vanquished Creatures
  A bullfrog (D:3)
  A hound (D:3)
  2 adders
  A worm (D:2)
  2 orcs
  4 endoplasms
  A giant cockroach (D:3)
  4 goblins
  3 hobgoblins
  7 jackals
  4 kobolds
  5 ball pythons
  4 bats
  4 frilled lizards
  3 rats
46 creatures vanquished.

Notes
Turn   | Place    | Note
-------+----------+-------------------------------------------
     0 | D:1      | omarspendo the Human Fighter began the quest for the Orb.
     0 | D:1      | Reached XP level 1. HP: 18/18 MP: 1/1
   504 | D:1      | Reached XP level 2. HP: 24/24 MP: 2/2
  1549 | D:2      | Reached XP level 3. HP: 28/29 MP: 3/3
  2396 | D:3      | Reached XP level 4. HP: 18/35 MP: 4/4
  2642 | D:3      | Noticed a bullfrog
  2657 | D:3      | Killed a bullfrog
  2658 | D:3      | Reached XP level 5. HP: 21/41 MP: 5/5
  3147 | D:4      | Noticed a water moccasin
  3413 | D:4      | Slain by a water moccasin

Illustrated notes

Levels and vault maps discovered:
D:1:      minmay_arrival_four_loops, layout_loops_ring
D:2:      layout_basic, ebering_ecumenical_altar_webs, minmay_bisected
D:3:      layout_loops_cross, minmay_statues_item, uniq_crazy_yiuf_cottage,
          uniq_jessica
D:4:      layout_basic, gammafunk_temple_overflow_wave, kennysheep_mini_moat

Skill      XL: |  1  2  3  4 |
---------------+-------------+-----
Maces & Flails | 3 |  3.5
Fighting       | |  3.5
Armour         | |  3.8
Dodging        | |  0.4
Shields        | |  3.8

Action                   |  1- 3 |  4- 6 || total
-------------------------+-------+-------++-------
Melee: Flail             |   124 |    76 ||   200
  Use: Potion            |     1 |       ||     1
       Scroll            |       |     1 ||     1
Armor: Scale mail        |    78 |    11 ||    89
       Chain mail        |       |    57 ||    57
Dodge: Dodged            |    46 |    25 ||    71
Block: Kite shield       |    89 |    50 ||   139
